 Dungeon Sprint DCSS version 0.28.0-43-g3370ac3207 (webtiles) character file.

Game seed: 6128927344517887703

1848 boopmooplesden the Severer (level 8, -2/135 HPs)
             Began as a Minotaur Berserker on Mar 15, 2022.
             Was a Priest of Trog.
             Shot with an arrow by a centaur warrior (21 damage)
             ... in the Dungeon (Sprint I: "Red Sonja").
             The game lasted 00:01:46 (972 turns).

boopmooplesden the Severer (Minotaur Berserker)      Turns: 972, Time: 00:01:46

Health: -2/135     AC:  8    Str: 21    XL:     8   Next: 88%
Magic:  7/7        EV: 13    Int:  4    God:    Trog [***...]
Gold:   423        SH:  0    Dex: 13    Spells: 7/7 levels left

rFire   . . .      SeeInvis .   a - +0 hand axe
rCold   . . .      Faith    .   (no shield)
rNeg    . . .      Spirit   .   j - +0 scale mail
rPois   .          Reflect  .   (helmet restricted)
rElec   .          Harm     .   (no cloak)
rCorr   .          Rampage  .   (no gloves)
Will    .....      NoTele   +   (no boots)
Stlth   ..........              (no amulet)
HPRegen 0.32/turn               (no ring)
MPRegen 0.10/turn               (no ring)

@: berserking (expiring), very quick
A: horns 2, retaliatory headbutt
a: Renounce Religion, Berserk, Trog's Hand


You were in the Dungeon.
You worshipped Trog.
Trog was most pleased with you.
You visited 1 branch You collected 423 gold pieces.

Inventory:

Hand Weapons
 a - a +0 hand axe (weapon)
Missiles
 l - 13 stones (quivered)
Armour
 b - a +0 animal skin
 j - a +0 scale mail (worn)
Wands
 i - a wand of iceblast (12)
 k - a wand of polymorph (9)
Scrolls
 h - a scroll of blinking
Potions
 c - a potion of curing
 d - a potion of heal wounds
 e - a potion of haste
 f - 2 potions of magic
 g - a potion of berserk rage


   Skills:
 + Level 14.6 Fighting
 + Level 15.1 Axes
 + Level 9.8 Armour
 + Level 7.0 Dodging


You had 7 spell levels left.
You didn't know any spells.
Your spell library was empty.

Dungeon Overview and Level Annotations

Branches:
Dungeon (1/1)

Altars:
Cheibriados
Dithmenos
Elyvilon
Fedhas
Gozag
Hepliaklqana
Kikubaaqudgha
Makhleb
Nemelex Xobeh
Okawaru
Qazlal
Ru
Sif Muna
Trog
Uskayaw
Vehumet
Wu Jian
Xom
Yredelemnul
Zin
The Shining One
Jiyva
Lugonu

Shops:
D [


Innate Abilities, Weirdness & Mutations

You have a pair of horns on your head.
You reflexively headbutt those who attack you in melee.


Message History

There is an open door, spattered with blood here.
You slash the centaur warrior!
You headbutt the centaur warrior, but do no damage.
The centaur warrior is moderately wounded.
A centaur warrior comes into view.
You completely miss the centaur warrior.
The centaur warrior is moderately wounded.
The centaur warrior shouts!
The centaur warrior unwields a +0 longbow.
The centaur warrior hits you!
The centaur warrior kicks you but does no damage.
The centaur warrior wields a +0 longbow.
The centaur warrior shoots an arrow.
The arrow hits you!!
You slash the centaur warrior!
The centaur warrior is heavily wounded.
You barely miss the centaur warrior.
The centaur warrior is heavily wounded.
The centaur warrior hits you!
* * * LOW HITPOINT WARNING * * *
The centaur warrior barely misses you.
The centaur warrior shoots an arrow.
The arrow hits you.
* * * LOW HITPOINT WARNING * * *
You barely miss the centaur warrior.
Your headbutt misses the centaur warrior.
You punch the centaur warrior.
The centaur warrior is severely wounded.
The centaur warrior hits you!
* * * LOW HITPOINT WARNING * * *
The centaur warrior kicks you but does no damage.
You slash the centaur warrior! You headbutt the centaur warrior!
The centaur warrior is almost dead.
The centaur warrior shoots an arrow.
The arrow closely misses you.
You slash the centaur warrior!
You kill the centaur warrior!
Trog accepts your kill.
Your Fighting skill increases to level 14!
Your Axes skill increases to level 15!
Your Armour skill increases to level 9!
Your Dodging skill increases to level 7!
The centaur warrior shoots an arrow.
The arrow hits you!!
You die...

##########################
#<.#..').#..'@.#__#..')..#
#..)..#..').#..'..'.)#...#
#..#####'#####c#__####...+
#..####..#...#.####§$#####
#..#__####..##.#≈§§c§#
#..#_____##'#_.'§≈§§
#⌠⌠#_.∩...'..._#§§§§
####_..__##_.#'##+###
#_____###+#(#


You could see a centaur warrior.

Vanquished Creatures
  A centaur warrior (D)
  2 kobold demonologists (D)
  A slime creature (D)
  Sigmund (D)
  A yak (D)
  A floating eye (D)
  An ogre (D)
  A jelly (D)
  Ijyb (D)
10 creatures vanquished.

Vanquished Creatures (others)
  A gargoyle (D)
1 creature vanquished.

Grand Total: 11 creatures vanquished

Notes
Turn   | Place    | Note
-------+----------+-------------------------------------------
     0 | D        | boopmooplesden the Minotaur Berserker began the quest for
                  | the Orb.
     0 | D        | Reached XP level 1. HP: 19/19 MP: 0/0
     1 | D        | Noticed Ijyb
     4 | D        | Killed Ijyb
     5 | D        | Reached skill level 5 in Fighting
     5 | D        | Reached skill level 5 in Axes
     5 | D        | Reached XP level 2. HP: 29/29 MP: 1/1
    91 | D        | Killed a gargoyle
   151 | D        | Noticed an ogre
   157 | D        | Killed an ogre
   158 | D        | Reached skill level 7 in Axes
   158 | D        | Reached XP level 3. HP: 40/40 MP: 2/2
   158 | D        | Reached XP level 4. HP: 48/48 MP: 3/3
   225 | D        | Noticed Sigmund
   231 | D        | Killed Sigmund
   231 | D        | Reached ** piety under Trog
   232 | D        | Reached skill level 10 in Fighting
   232 | D        | Reached skill level 10 in Axes
   232 | D        | Reached skill level 5 in Armour
   232 | D        | Reached XP level 5. HP: 58/58 MP: 4/4
   232 | D        | Reached XP level 6. HP: 66/66 MP: 5/5
   290 | D        | Found a burning altar of Makhleb.
   290 | D        | Found a viscous altar of Jiyva.
   290 | D        | Found a shimmering altar of Xom.
   290 | D        | Found a corrupted altar of Lugonu.
   290 | D        | Noticed a slime creature
   300 | D        | Killed a slime creature
   301 | D        | Reached skill level 11 in Axes
   301 | D        | Reached skill level 5 in Dodging
   481 | D        | Noticed a kobold demonologist
   481 | D        | Noticed a floating eye
   481 | D        | Noticed a kobold demonologist
   483 | D        | Noticed a sixfirhy
   483 | D        | Killed a floating eye
   484 | D        | Reached XP level 7. HP: 75/75 MP: 6/6
   497 | D        | Noticed a ynoxinul
   498 | D        | Killed a kobold demonologist
   498 | D        | Reached *** piety under Trog
   499 | D        | Reached skill level 13 in Axes
   505 | D        | Killed a kobold demonologist
   506 | D        | Reached XP level 8. HP: 32/86 MP: 7/7
   720 | D        | Found an ornate altar of the Wu Jian Council.
   720 | D        | Found a shimmering blue altar of Sif Muna.
   722 | D        | Found a radiant altar of Vehumet.
   756 | D        | Found Acrap's Armour Emporium.
   756 | D        | Found an ancient bone altar of Kikubaaqudgha.
   756 | D        | Found a hazy altar of Hepliaklqana.
   756 | D        | Found a stormy altar of Qazlal.
   756 | D        | Found a hide-covered altar of Uskayaw.
   756 | D        | Found a blossoming altar of Fedhas.
   756 | D        | Found a bloodstained altar of Trog.
   756 | D        | Found an iron altar of Okawaru.
   756 | D        | Found a basalt altar of Yredelemnul.
   756 | D        | Found a glowing golden altar of the Shining One.
   756 | D        | Found a snail-covered altar of Cheibriados.
   756 | D        | Found a sacrificial altar of Ru.
   756 | D        | Found a glowing silver altar of Zin.
   756 | D        | Found a shadowy altar of Dithmenos.
   756 | D        | Found a white marble altar of Elyvilon.
   768 | D        | Reached skill level 14 in Axes
   768 | D        | Found an opulent altar of Gozag.
   769 | D        | Found a sparkling altar of Nemelex Xobeh.
   953 | D        | Noticed a centaur warrior
   965 | D        | Noticed a centaur warrior
   971 | D        | Killed a centaur warrior
   972 | D        | Reached skill level 15 in Axes
   972 | D        | Shot with an arrow by a centaur warrior

Illustrated notes

Levels and vault maps discovered:
D:        dungeon_sprint_1 [red_sonja_temple_1, red_sonja_temple_small_1]

Skill      XL: |  1  2  3  4  5  6  7  8 |
---------------+-------------------------+-----
Fighting       | 5 7 10 11 13 14 | 14.6
Axes           | 5 7 10 11 13 15 | 15.1
Armour         | 3 4 5 7 8 9 |  9.8
Dodging        | 3 4 5 6 7 |  7.0

Action                   |  1- 3 |  4- 6 |  7- 9 || total
-------------------------+-------+-------+-------++-------
Melee: Hand axe          |     7 |    13 |    40 ||    60
       Headbutt          |     3 |     5 |     8 ||    16
       Punch             |     1 |       |     2 ||     3
Throw: Stone             |       |       |     1 ||     1
Invok: Berserk           |     2 |     3 |     1 ||     6
Armor: Scale mail        |       |       |    13 ||    13
Dodge: Dodged            |     3 |     4 |    25 ||    32
